 Dungeon Crawl Stone Soup version 0.23-a0-767-gdc19b93d68 (webtiles) character file.

247 Oravi the Vexing (level 6, -2/43 HPs)
             Began as a Formicid Arcane Marksman on Jan 24, 2019.
             Slain by an iguana (9 damage)
             ... on level 3 of the Dungeon.
             The game lasted 00:22:33 (4225 turns).

Oravi the Vexing (Formicid Arcane Marksman)         Turns: 4225, Time: 00:22:33

Health: -2/43      AC:  6    Str: 14    XL:     6   Next: 34%
Magic:  7/10       EV: 11    Int: 15    God:
Gold:   82         SH:  0    Dex: 11    Spells: 5/11 levels left

rFire    . . .     SeeInvis +   a - +0 hunting sling
rCold    . . .     Gourm    .   (no shield)
rNeg     . . .     Faith    .   j - +0 ring mail
rPois    .         Spirit   .   (helmet unavailable)
rElec    .         Reflect  .   (no cloak)
rCorr    .         Harm     .   q - +0 pair of gloves
MR       .....                  (no boots)
Stlth    +.........             (no amulet)
HPRegen  0.14/turn              (no ring)
MPRegen  0.12/turn              (no ring)

@: no status effects
A: permanent stasis, dig shafts and tunnels, four strong arms, antennae 3
a: Dig, Shaft Self


You were on level 3 of the Dungeon.
You were hungry.

You visited 1 branch of the dungeon, and saw 4 of its levels.

You collected 82 gold pieces.

Inventory:

Hand Weapons
 a - a +0 hunting sling (weapon)
 o - a +0 dagger
 t - a +0 whip
Missiles
 b - 33 arrows
 c - 5 curare-tipped needles {!f}
 d - 11 sling bullets
 g - 9 poisoned needles
 s - 57 stones (quivered)
Armour
 e - a +0 robe
 h - a +0 shield
 i - a +0 chain mail
 j - a +0 ring mail (worn)
 q - a +0 pair of gloves (worn)
 v - a +0 scale mail
Scrolls
 m - 4 scrolls of remove curse {unknown}
 n - 3 scrolls of immolation {unknown}
 r - 2 scrolls of teleportation {unknown}
 w - a scroll of enchant armour {unknown}
Potions
 k - 2 potions of agility
 l - a potion of berserk rage {unknown}
 p - a potion of might {unknown}
 u - 2 potions of resistance {unknown}
Comestibles
 f - 3 rations
 x - 6 chunks of flesh


   Skills:
 - Level 1.3 Fighting
 * Level 4.9 Slings
 - Level 1.9 Dodging
 + Level 3.0 Spellcasting
 + Level 5.0 Hexes


You had 5 spell levels left.
You knew the following spells:

 Your Spells              Type           Power        Failure   Level  Hunger
a - Corona                Hex            ###....      5%          1    #......
b - Slow                  Hex            ###.....     8%          2    ##.....
c - Portal Projectile     Hex/Tloc       #.....       41%         3    ###....

Your spell library contained the following spells:

 Spells                   Type           Power        Failure   Level  Hunger
 Inner Flame              Hex/Fire       #.......     41%         3    ###....
 Cause Fear               Hex            ###.......   45%         4    #####..
 Leda's Liquefaction      Hex/Erth       #.........   82%         4    #####..


Dungeon Overview and Level Annotations

Branches:
Dungeon (4/15)
 Temple: D:4-7

Altars:
Dithmenos
Trog

Annotations:
D:3 which


Innate Abilities, Weirdness & Mutations

You cannot be hasted, slowed, berserked, paralysed or teleported.
You can dig through walls and to a lower floor.
Your four strong arms can wield two-handed weapons with a shield.
You have a pair of large antennae on your head. (SInv)


Message History

Aim: an iguana (heavily wounded, softly glowing)
You shoot a stone. The stone hits the iguana.
The iguana is severely wounded.
The iguana bites you but does no damage.
Firing (i - inventory. (/) - cycle)
s - 60 stones (quivered)
Aim: an iguana (severely wounded, softly glowing)
You shoot a stone. The stone hits the iguana.
The iguana is almost dead.
The iguana stops glowing.
The iguana barely misses you.
Firing (i - inventory. (/) - cycle)
s - 59 stones (quivered)
Aim: an iguana (almost dead)
You shoot a stone. The stone closely misses the iguana.
The iguana bites you!
* * * LOW HITPOINT WARNING * * *
Firing (i - inventory. (/) - cycle)
s - 58 stones (quivered)
Aim: an iguana (almost dead)
You shoot a stone.
The stone hits the iguana but does no damage.
The iguana is almost dead.
The iguana bites you!
You die...

### ##### ...# ##...##
...## ##.###.## ≈...##
##.## ##.##
≈♣.P.#########.#######.#
≈≈♣..P.....)...[@l(# #.#
≈≈≈P...#######.###.###.#
♣≈♣...P.## ##.##.##.##
≈.....P..# #.#.#.##
P..P.....# #...##
...###.#.# ##.## ..##
#.#.# #.# .## #.#.#
##.## ## #.#.# ##...##


You could see an iguana.

Vanquished Creatures
  A wight (D:3)
  11 adders
  3 gnolls (D:3)
  A dart slug (D:2)
  2 leopard geckos
  5 orcs (D:3)
  A ball python (D:3)
  11 goblins
  8 hobgoblins
  4 jackals (D:1)
  A quokka (D:2)
  6 bats
  3 frilled lizards
  9 kobolds
  6 rats
72 creatures vanquished.

Vanquished Creatures (others)
  A plant (D:3)
1 creature vanquished.

Grand Total: 73 creatures vanquished

Notes
Turn   | Place    | Note
-------+----------+-------------------------------------------
     0 | D:1      | Oravi the Formicid Arcane Marksman began the quest for the
                  | Orb.
     0 | D:1      | Reached XP level 1. HP: 15/15 MP: 2/2
    75 | D:1      | Reached XP level 2. HP: 21/21 MP: 3/3
    79 | D:1      | Learned a level 2 spell: Slow
   583 | D:1      | Reached XP level 3. HP: 26/26 MP: 3/5
   829 | D:1      | Reached skill level 4 in Hexes
  1292 | D:2      | Reached XP level 4. HP: 21/32 MP: 2/7
  2061 | D:2      | Reached XP level 5. HP: 37/37 MP: 5/8
  2131 | D:2      | Found a shadowy altar of Dithmenos.
  2171 | D:2      | Learned a level 3 spell: Portal Projectile
  2242 | D:2      | Found a bloodstained altar of Trog.
  3305 | D:3      | Reached XP level 6. HP: 40/43 MP: 10/10
  3795 | D:3      | Reached skill level 5 in Hexes
  4225 | D:3      | Slain by an iguana

Vault maps used:
D:1:      scummos_arrival_forest
D:2:      bloody_trog, grunt_dithmenos_smoke_and_mirrors
D:3:      corexii_shack_village, serial_bayou_pond_a, minmay_liquid_box
D:4:      kennysheep_goblin_castle, kennysheep_little_box,
          minmay_temple_entry_proselytizer, first_ration

Skill      XL: |  1  2  3  4  5  6 |
---------------+-------------------+-----
Slings         | 3 4 |  4.9
Hexes          | 4 5 |  5.0
Spellcasting   | 2 3 |  3.0
Fighting       | |  1.3
Dodging        | |  1.9

Action                   |  1- 3 |  4- 6 || total
-------------------------+-------+-------++-------
 Fire: Hunting sling     |    90 |   232 ||   322
 Cast: Corona            |    18 |    36 ||    54
       Slow              |     4 |    11 ||    15
 Abil: Dig               |       |     6 ||     6
  Use: Scroll            |       |     2 ||     2
  Eat: Chunk             |     2 |    10 ||    12
Armor: Robe              |     1 |       ||     1
       Ring mail         |    18 |    51 ||    69
Dodge: Dodged            |    31 |    67 ||    98

Table legend:
 A = Non-vault XP
 B = Vault XP
 C = Vault XP percentage of total XP
 D = Non-vault monster count
 E = Vault monster count
 F = Vault count percentage of total count
                 A         B        C        D         E       F
            +---------+---------+-------+---------+---------+-------
      Total |     323 |      31 |   8.8 |      58 |      14 |  19.4
            +---------+---------+-------+---------+---------+-------
        D:1 |      50 |       0 |   0.0 |      22 |       0 |   0.0
        D:2 |     102 |       0 |   0.0 |      19 |       0 |   0.0
        D:3 |     171 |      31 |  15.3 |      17 |      14 |  45.2
            +---------+---------+-------+---------+---------+-------
